 Dungeon Crawl Stone Soup version 0.30-a0-371-gad7725a93e (webtiles) character file.

Game seed: 6764791074235535497

123 Maxmaps the Ducker (level 5, -1/37 (41) HPs)
             Began as a Formicid Monk on Nov 20, 2022.
             Slain by Edmund
             ... wielding a +0 flail of protection
              (8 damage)
             ... on level 4 of the Dungeon.
             The game lasted 00:03:23 (2976 turns).

Maxmaps the Ducker (Formicid Monk)                  Turns: 2976, Time: 00:03:23

HP:   -1/37 (41)    AC: 11    Str: 13 (14) XL:     5   Next: 29%
MP:   5/5           EV:  7    Int: 10 (11) God:
Gold: 81            SH:  5    Dex: 13 (14) Spells: 4/4 levels left

rFire   . . .      SeeInvis +    a - +0 falchion
rCold   . . .      Faith    .    (no shield)
rNeg    . . .      Spirit   .    m - +0 chain mail
rPois   .          Reflect  +    (helmet unavailable)
rElec   .          Harm     .    (no cloak)
rCorr   .          Rampage  .    v - +1 pair of gloves
Will    +....                    (no boots)
Stlth   ..........               d - amulet of reflection
HPRegen 0.26/turn                e - ring of willpower
MPRegen 0.09/turn                (no ring)

@: drained
A: permanent stasis, dig shafts and tunnels, antennae 3, four strong arms,
clumsy 1, weak 1, evolution 1
a: Dig, Shaft Self


You were on level 4 of the Dungeon.
You visited 1 branch of the dungeon, and saw 4 of its levels.

You collected 207 gold pieces.
You spent 126 gold pieces at shops.

Inventory:

Hand Weapons
 a - a +0 falchion (weapon)
Armour
 m - a +0 chain mail (worn)
 v - a +1 pair of gloves (worn)
Jewellery
 d - an amulet of reflection (around neck)
 e - a ring of willpower (left hand)
Scrolls
 g - a scroll of vulnerability {unknown}
 h - a scroll of enchant armour {unknown}
 j - 2 scrolls of identify {unknown}
 k - a scroll of enchant weapon {unknown}
 l - 2 scrolls of teleportation {unknown}
 o - a scroll of fog {unknown}
 p - a scroll of noise {unknown}
 q - a scroll of acquirement {unknown}
 s - a scroll of poison {unknown}
Potions
 c - a potion of ambrosia
 n - a potion of curing
 r - 2 potions of mutation


   Skills:
 - Level 3.2 Fighting
 - Level 3.0 Long Blades
 + Level 3.3 Armour
 - Level 4.1 Dodging
 - Level 2.4 Stealth


You had 4 spell levels left.
You didn't know any spells.
Your spell library contained the following spells:

 Spells                   Type           Power      Damage    Failure   Level
 Ensorcelled Hibernation  Hex/Ice        0%         N/A       100%        2
 Passwall                 Tmut/Erth      0%         N/A       100%        2
 Dazzling Flash           Conj/Hex       0%         N/A       100%        3
 Agony                    Necr           0%         N/A       100%        5
 Silence                  Hex/Air        0%         N/A       100%        5
 Swiftness                Air            Unusable   N/A       N/A         3

Dungeon Overview and Level Annotations

Branches:
Dungeon (4/15)
 Temple: D:4-7

Altars:
Yredelemnul

Shops:
D:4 [

Annotations:
D:4 Edmund


Innate Abilities, Weirdness & Mutations

You cannot be hasted, slowed, berserked, paralysed or teleported.
You can dig through walls and to a lower floor.
You have a pair of large antennae on your head. (SInv)
Your four strong arms can wield two-handed weapons with a shield.
You are clumsy. (Dex -2)
You are weak. (Str -2)
You have hidden genetic potential.


Message History

You barely miss Edmund.
Edmund hits you with a +0 flail of protection.
You hit Edmund.
Edmund is lightly wounded.
Edmund hits you but does no damage.
Edmund hits you with a +0 flail of protection.
You closely miss Edmund.
Edmund is lightly wounded.
Edmund hits you with a +0 flail of protection!
You closely miss Edmund. Your punch misses Edmund.
Edmund is lightly wounded.
Edmund barely misses you.
You hit Edmund but do no damage.
Edmund is lightly wounded.
Edmund hits you but does no damage.
You hit Edmund.
Edmund is lightly wounded.
Edmund hits you with a +0 flail of protection.
You hit Edmund but do no damage.
Edmund is lightly wounded.
Edmund hits you with a +0 flail of protection.
You hit Edmund but do no damage.
Edmund is lightly wounded.
Edmund says, "I might not be good at magic, but I can still kill you!"
You block Edmund's attack.
Edmund hits you with a +0 flail of protection.
You hit Edmund.
Edmund is lightly wounded.
Edmund hits you with a +0 flail of protection.
You hit Edmund.
Edmund is moderately wounded.
Edmund hits you but does no damage.
You hit Edmund.
Edmund is moderately wounded.
Edmund hits you with a +0 flail of protection!
* * * LOW HITPOINT WARNING * * *
You hit Edmund but do no damage.
Edmund is moderately wounded.
Edmund hits you with a +0 flail of protection!
You die...

#.. #####.## ## #......# .. .
#......##.# .##### #......<..>
.....# #.......... ...?.#
###......##†# .....# #########
#............ :.?..# ###.....#@##
#.#......##.# #....#
#~~.~B#.##@###.#.......#.#
.....###§#'#~#.###.##.#.......#.#
....§§..~#∩#~.........@....>....#
.#######~#'#~###...##.#.#.#.#.###
###~~.~~# #...##.#<..#.#.#
#.....### #...##.#.###.#.#
#.##### #...##o#.. .# #
#...##.###


You could see Edmund.

Vanquished Creatures
  3 adders
  2 worms
  2 dart slugs
  4 orcs
  8 ball pythons
  8 bats
  9 endoplasms
  4 giant cockroaches
  5 goblins
  8 hobgoblins
  4 jackals (D:1)
  3 quokkas (D:1)
  4 frilled lizards
  4 kobolds
  5 rats
73 creatures vanquished.

Notes
Turn   | Place    | Note
-------+----------+-------------------------------------------
     0 | D:1      | Maxmaps the Formicid Monk began the quest for the Orb.
     0 | D:1      | Reached XP level 1. HP: 18/18 MP: 1/1
    49 | D:1      | Reached skill level 3 in Dodging
    54 | D:1      | Reached XP level 2. HP: 11/24 MP: 2/2
   282 | D:1      | Reached XP level 3. HP: 24/29 MP: 3/3
   881 | D:1      | Reached skill level 4 in Dodging
  1526 | D:2      | Reached XP level 4. HP: 32/35 MP: 4/4
  1607 | D:2      | Reached skill level 1 in Armour
  1904 | D:3      | Found a faded altar of an unknown god.
  2069 | D:3      | Found a basalt altar of Yredelemnul.
  2171 | D:3      | Reached XP level 5. HP: 40/41 MP: 5/5
  2805 | D:4      | Found Erghisom's Armour Boutique.
  2808 | D:4      | Bought a +1 pair of gloves for 126 gold pieces
  2821 | D:4      | Noticed Edmund
  2829 | D:4      | Gained mutation: You are weak. (Str -2) [potion of
                  | mutation]
  2829 | D:4      | Gained mutation: You are clumsy. (Dex -2) [potion of
                  | mutation]
  2829 | D:4      | Gained mutation: You have hidden genetic potential. [potion
                  | of mutation]
  2976 | D:4      | Slain by Edmund

Illustrated notes

Levels and vault maps discovered:
D:1:      scummos_arrival_checkerplants, layout_basic, minmay_nonomino_d4
D:2:      layout_rooms, minmay_fractal_squares_5
D:3:      layout_basic, mainiacjoe_overflow_alcove_1,
          shapermc_ecumenical_altar_venn
D:4:      layout_basic, mainiacjoe_overflow_catwalk,
          minmay_temple_entry_nine_rooms, serial_shops, kennysheep_mini_moat,
          uniq_edmund

Skill      XL: |  1  2  3  4  5 |
---------------+----------------+-----
Dodging        | 3 4 |  4.1
Armour         | 2 3 |  3.3
Fighting       | |  3.2
Long Blades    | |  3.0
Stealth        | |  2.4

Action                   |  1- 3 |  4- 6 || total
-------------------------+-------+-------++-------
Melee: Falchion          |    91 |   121 ||   212
 Abil: Dig               |       |     1 ||     1
  Use: Potion            |       |     5 ||     5
 Stab: Sleeping          |     9 |       ||     9
Armor: Robe              |     7 |       ||     7
       Chain mail        |     4 |    63 ||    67
       Leather armour    |     2 |       ||     2
Dodge: Dodged            |    63 |    56 ||   119
Block: Other             |    17 |    23 ||    40

Table legend: (Time is in decaauts)
 A = Elapsed time spent in this place.
 B = Non-inter-level travel time spent in this place.
 C = Inter-level travel time spent in this place.
 D = Time resting spent in this place.
 E = Time spent auto-exploring this place.
 F = Levels seen in this place.
 G = Mean time per level.
                   A        B        C        D        E       F      G
               +--------+--------+--------+--------+--------+-----+--------+
         Total |   3011 |   2901 |    110 |    143 |   2106 |   4 |  752.8 |
       Dungeon |   3011 |   2901 |    110 |    143 |   2106 |   4 |  752.8 |
               +--------+--------+--------+--------+--------+-----+--------+

Top non-repeatable levels by time:
     D:1: 1256 daAuts
     D:3: 967 daAuts
     D:2: 647 daAuts
     D:4: 140 daAuts
